 Dungeon Crawl Stone Soup version 0.30.0 (webtiles) character file.

Game seed: 11308172930969869771

7272 backslashecho the Covert (level 11, -6/133 HPs)
             Began as a Gnoll Delver on May 6, 2023.
             Was an Elder of Sif Muna.
             Mangled by a yak (11 damage)
             ... while paralysed by Psyche
             ... on level 10 of the Dungeon.
             The game lasted 00:37:48 (10320 turns).

backslashecho the Covert (Gnoll Delver)            Turns: 10320, Time: 00:37:49

Health: -6/133     AC: 15    Str: 11    XL:     11   Next: 12%
Magic:  20/20      EV:  2    Int: 13    God:    Sif Muna [****..]
Gold:   314        SH:  0    Dex: 20    Spells: 19/22 levels left

rFire   + . .        a - +1 trident of Logoguk {freeze, +Blink rPois rF+ rC+}
rCold   + . .        (no shield)
rNeg    . . .        y - +2 chain mail of Foolhardiness {Dex+5}
rPois   +            z - +0 helmet
rElec   .            w - +1 cloak
rCorr   .            (no gloves)
SInv    .            (no boots)
Will    .....        h - amulet of the acrobat
Stlth   x              - ring of poison resistance
HPRegen 0.42/turn    F - +4 ring of slaying
MPRegen 0.17/turn

%: acrobat
@: paralysed, berserking, wereblooded, studying Stealth
A: fangs 1, strong nose, distributed training
a: Renounce Religion, Evoke Blink, Channel Magic, Forget Spell, Divine Exegesis


You were on level 10 of the Dungeon.
You worshipped Sif Muna.
Sif Muna was greatly pleased with you.
You visited 2 branches of the dungeon, and saw 11 of its levels.

You collected 486 gold pieces.
You spent 172 gold pieces at shops.

Inventory:

Hand Weapons
 a - the +1 trident of Logoguk (weapon) {freeze, +Blink rPois rF+ rC+}
   (You found it on level 8 of the Dungeon)

   rF:        It protects you from fire.
   rC:        It protects you from cold.
   rPois:     It protects you from poison.
   +Blink:    It lets you blink.
 b - a +1 dagger of electrocution
 e - a +1 flail of holy wrath
 I - a +1 antimagic spear
Missiles
 i - 2 curare-tipped darts
 l - 47 poisoned darts (quivered)
 D - 3 throwing nets
 K - a javelin
Armour
 w - a +1 cloak (worn)
 y - the +2 chain mail of Foolhardiness (worn) {Dex+5}
   (You found it on level 3 of the Dungeon)

   Dex:       It affects your dexterity (+5).
 z - a +0 helmet (worn)
 E - a +2 ring mail of positive energy
 G - +0 steam dragon scales
Jewellery
 h - an amulet of the acrobat (around neck)
 x - a ring of poison resistance (left hand)
 F - a +4 ring of slaying (right hand)
 N - a ring of see invisible
 R - an amulet of faith
Wands
 g - a wand of digging (14)
 u - a wand of flame (17)
 v - a wand of roots (2)
 O - a wand of acid (6)
Scrolls
 c - 4 scrolls of fog
 d - a scroll of magic mapping
 n - 4 scrolls of teleportation
 A - a scroll of amnesia
 B - a scroll of fear
 C - a scroll of summoning
 H - 3 scrolls of enchant armour
 M - 4 scrolls of identify
 P - 3 scrolls of poison {unknown}
 Q - a scroll of vulnerability {unknown}
Potions
 f - 2 potions of haste
 j - 2 potions of magic
 k - 4 potions of curing
 o - 3 potions of brilliance
 p - 2 potions of resistance
 q - 3 potions of flight
 r - 3 potions of mutation
 s - 2 potions of might {unknown}
 t - 2 potions of lignification {unknown}
 J - a potion of attraction {unknown}
 L - 3 potions of degeneration {unknown}


   Skills:
 + Level 9.1 Fighting
 + Level 6.2 Short Blades
 + Level 6.2 Long Blades
 + Level 6.2 Axes
 + Level 7.8 Maces & Flails
 + Level 6.2 Polearms
 + Level 6.2 Staves
 + Level 6.2 Ranged Weapons
 + Level 6.2 Throwing
 + Level 6.2 Armour
 + Level 7.8 Dodging
 + Level 12.7 Stealth
 + Level 6.2 Shields
 + Level 6.2 Unarmed Combat
 + Level 6.2 Spellcasting
 + Level 5.1 Conjurations
 + Level 5.1 Hexes
 + Level 5.1 Summonings
 + Level 5.1 Necromancy
 + Level 5.1 Translocations
 + Level 5.1 Transmutations
 + Level 5.1 Fire Magic
 + Level 5.1 Ice Magic
 + Level 5.1 Air Magic
 + Level 5.1 Earth Magic
 + Level 5.1 Poison Magic
 + Level 6.8 Invocations
 + Level 6.2 Evocations


You had 19 spell levels left.
You knew the following spells:

 Your Spells              Type           Power      Damage    Failure   Level
a - Freeze                Ice            68%        1d8       41%         1
c - Wereblood             Tmut           17%        N/A       56%         2

Your spell library contained the following spells:

 Spells                   Type           Power      Damage    Failure   Level
 Sublimation of Blood     Necr           17%        N/A       56%         2
 Frozen Ramparts          Ice            34%        1d6       80%         3
 Hailstorm                Conj/Ice       17%        3d6       80%         3
 Inner Flame              Hex/Fire       17%        N/A       80%         3
 Summon Guardian Golem    Hex/Summ       17%        N/A       80%         3
 Flame Wave               Conj/Fire      17%        2d7       99%         4
 Sticky Flame             Conj/Fire      17%        2d4       99%         4
 Summon Forest            Summ/Tloc      8%         N/A       100%        5
 Eringya's Noxious Bog    Tmut/Pois      8%         N/A       100%        6
 Orb of Destruction       Conj           8%         9d6       100%        7
 Spellforged Servitor     Conj/Summ      8%         N/A       100%        7
 Summon Hydra             Summ           8%         N/A       100%        7


Dungeon Overview and Level Annotations

Branches:
Dungeon (10/15)            Temple (1/1) D:7            Lair (0/5) D:8
    Orc (0/2) D:9

Altars:
Ashenzari
Cheibriados
Dithmenos
Fedhas
Gozag
Hepliaklqana
Kikubaaqudgha
Makhleb
Nemelex Xobeh
Qazlal
Ru
Sif Muna
Trog
Uskayaw
Vehumet
Wu Jian
Xom
Yredelemnul
Zin
The Shining One

Shops:
D:4 (*   D:6 (   D:7 :

Portals:
Bailey: D:10

Annotations:
D:10 Psyche


Innate Abilities, Weirdness & Mutations

You have very sharp teeth.
Your uncanny sense of smell can sniff out nearby items.
Your experience applies equally to all skills.


Message History

You puncture the yak! You freeze the yak.
You feel a bit better.
You kill the yak!
Sif Muna accepts your kill.
You hear a howl!
The kobold brigand hits you but does no damage.
You regained 2 hp, and now have 25/133 hp.
You puncture the yak! You freeze the yak. Your bite misses the yak.
The yak is moderately wounded.
The yak misses you. The yak barely misses you.
The kobold brigand hits you but does no damage.
A howler monkey comes into view.
You puncture the yak! You freeze the yak. You bite the yak!
The yak is almost dead.
You impale the yak!! You freeze the yak.
You feel a bit better.
You kill the yak!
Sif Muna accepts your kill. The yak gores you!
* * * LOW HITPOINT WARNING * * *
The kobold brigand hits you but does no damage.
You take 7 damage, and have 19/133 hp.
You closely miss the kobold brigand. Your punch misses the kobold brigand.
The kobold brigand is moderately wounded.
Something hits you.
* * * LOW HITPOINT WARNING * * *
Something burns you.
* * * LOW HITPOINT WARNING * * *
You take 3 damage, and have 16/133 hp.
You puncture the kobold brigand! You freeze the kobold brigand.
The kobold brigand is almost dead.
The acid dragon spits acid at you.
The splash of acid hits something!!
The acid corrodes something!
The kobold brigand hits you but does no damage.
The yak gores you but does no damage. Something hits you.
* * * LOW HITPOINT WARNING * * *
You suddenly lose the ability to move!
The howler monkey hoots and howls with incredible vigour!
You hear a shout! x4
Something hits you but does no damage.
The kobold brigand hits you but does no damage.
The yak gores you.
* * * LOW HITPOINT WARNING * * *
Something hits you.
* * * LOW HITPOINT WARNING * * *
The acid dragon spits acid at you.
The splash of acid hits something!
Something seems to be corroded for longer.
The kobold brigand hits you with a +0 club.
* * * LOW HITPOINT WARNING * * *
The yak gores you!
You die...

,,,,,,,,,,,....8...∩...8.,,,,,,,,
,,,**,,,,,,.............#*,,,,,,,
,,***,,,,,,.............#*,,,,,,,
,,,*,,,,,,,.....8.....8.#*****,,,
,,,,,,,,,,*,,...........## *,*,
,,,,,,,,,***,,,....8.....#* *,*,
,,,*,,,,,,,,,,,##h#.......** *,*,
,>,*,,,,,,**,,,#K{DK......,* *,**
,,,,,,,,,,**,*,#@#........,* *,**
,*,,,,,,,,****,#Y#........,* *,**
**,**,,,,,,,,,,.Y....Y...D,* *,,,
,,,**,,,,,,,,,.........>..,* ***,
,***,,,,,,,,,.........YY$.,* *,
***,,,,,,,,,..............,* *,
*,,,,,,*,,,.<............Y,* *,
*,**,,,***....##.#.....,,,,* *,
,,**,,,* ****,,*,,,,,,,,,,,* **


You could see 2 yaks, an acid dragon (catching breath), a kobold brigand, a
howler monkey (catching breath) and a kobold.

Vanquished Creatures
  Pikel (D:6)
  A wraith (D:9)
  13 yaks
  4 steam dragons
  Menkaure (D:7)
  2 wargs (D:8)
  5 orc warriors
  2 ogres (D:5)
  2 centaurs
  A phantom (D:5)
  7 kobold brigands
  A bullfrog (D:9)
  5 scorpions
  3 wights (D:8)
  16 killer bees
  3 howler monkeys
  4 quasits (D:8)
  2 hounds (D:5)
  A jelly (D:5)
  Crazy Yiuf (D:2)
  7 orc priests
  2 iguanas (D:5)
  A gnoll bouda (D:5)
  Natasha (D:2)
  9 orc wizards
  20 gnolls
  7 adders
  5 shadow imps (D:8)
  8 white imps
  2 ufetubi (D:8)
  2 worms
  A dart slug (D:2)
  41 orcs
  3 bats
  10 endoplasms
  5 giant cockroaches
  6 goblins
  4 hobgoblins
  A quokka (D:1)
  7 ball pythons
  A frilled lizard (D:2)
  39 kobolds
  5 rats
262 creatures vanquished.

Vanquished Creatures (others)
  10 fungi (D:9)
  A plant (D:7)
  4 toadstools (D:9)
15 creatures vanquished.

Grand Total: 277 creatures vanquished

Notes
Turn   | Place    | Note
-------+----------+-------------------------------------------
     0 | D:5      | Reached skill level 9 in Stealth
     0 | D:5      | backslashecho the Gnoll Delver began the quest for the Orb.
     0 | D:5      | Reached XP level 1. HP: 23/23 MP: 1/1
     6 | D:4      | Found a shimmering blue altar of Sif Muna.
    34 | D:4      | Became a worshipper of Sif Muna the Loreminder
    51 | D:4      | Found Bogaurpha's Weapon Shop.
   165 | D:2      | Reached XP level 2. HP: 29/29 MP: 2/2
   280 | D:2      | Noticed Natasha
   408 | D:2      | Reached XP level 3. HP: 20/35 MP: 2/4
   496 | D:2      | Found a runed translucent door.
   497 | D:2      | Noticed Crazy Yiuf
   601 | D:2      | Reached skill level 1 in Invocations
   974 | D:1      | Reached skill level 1 in Short Blades
   974 | D:1      | Reached skill level 1 in Long Blades
   974 | D:1      | Reached skill level 1 in Axes
   974 | D:1      | Reached skill level 1 in Polearms
   974 | D:1      | Reached skill level 1 in Staves
   974 | D:1      | Reached skill level 1 in Ranged Weapons
   974 | D:1      | Reached skill level 1 in Throwing
   974 | D:1      | Reached skill level 1 in Armour
   974 | D:1      | Reached skill level 1 in Shields
   974 | D:1      | Reached skill level 1 in Unarmed Combat
   974 | D:1      | Reached skill level 1 in Spellcasting
   974 | D:1      | Reached skill level 1 in Evocations
  1312 | D:1      | Reached * piety under Sif Muna
  1548 | D:2      | Reached XP level 4. HP: 41/41 MP: 5/5
  1674 | D:2      | Found a stormy altar of Qazlal.
  1972 | D:2      | Killed Natasha
  1973 | D:2      | Reached skill level 1 in Conjurations
  1973 | D:2      | Reached skill level 1 in Hexes
  1973 | D:2      | Reached skill level 1 in Summonings
  1973 | D:2      | Reached skill level 1 in Necromancy
  1973 | D:2      | Reached skill level 1 in Translocations
  1973 | D:2      | Reached skill level 1 in Transmutations
  1973 | D:2      | Reached skill level 1 in Fire Magic
  1973 | D:2      | Reached skill level 1 in Ice Magic
  1973 | D:2      | Reached skill level 1 in Air Magic
  1973 | D:2      | Reached skill level 1 in Earth Magic
  1973 | D:2      | Reached skill level 1 in Poison Magic
  2007 | D:2      | Killed Crazy Yiuf
  2008 | D:2      | Reached XP level 5. HP: 47/47 MP: 5/7
  2214 | D:3      | Identified the +2 chain mail of Foolhardiness {Dex+5}
  2266 | D:3      | Found an opulent altar of Gozag.
  2885 | D:4      | Noticed a kobold brigand
  2901 | D:4      | Reached XP level 6. HP: 41/53 MP: 8/8
  2909 | D:4      | Reached skill level 5 in Maces & Flails
  2909 | D:4      | Reached skill level 5 in Dodging
  3159 | D:4      | Found a shadowy altar of Dithmenos.
  3232 | D:4      | Found Luedag's Assorted Antiques.
  3237 | D:4      | Bought a scroll of identify for 44 gold pieces
  3237 | D:4      | Bought a scroll labelled ZOIVEU NINYWUR for 22 gold pieces
  3237 | D:4      | Bought a scroll labelled OCSAAMUANE for 22 gold pieces
  3702 | D:5      | Reached XP level 7. HP: 53/60 MP: 10/10
  3715 | D:5      | Reached ** piety under Sif Muna
  3716 | D:5      | Reached skill level 10 in Stealth
  3830 | D:5      | Found an ornate altar of the Wu Jian Council.
  3834 | D:5      | Found a shimmering altar of Xom.
  3895 | D:5      | Noticed a yak
  3908 | D:5      | Killed a yak
  3961 | D:5      | Found a broken altar of Ashenzari.
  3965 | D:5      | Saw a vision of the Shoals and the Snake Pit.
  3965 | D:5      | Noticed a harpy
  3965 | D:5      | Noticed a manticore
  3965 | D:5      | Noticed a black mamba
  3965 | D:5      | Noticed a mana viper
  3965 | D:5      | Noticed a naga
  3965 | D:5      | Noticed a skyshark
  3965 | D:5      | Noticed a kraken
  3965 | D:5      | Noticed a black mamba
  3965 | D:5      | Noticed a merfolk impaler
  3965 | D:5      | Noticed a merfolk aquamancer
  3965 | D:5      | Noticed a naga ritualist
  3965 | D:5      | Noticed a guardian serpent
  3966 | D:5      | Noticed a naga
  3966 | D:5      | Noticed a sea snake
  3967 | D:5      | Noticed a merfolk
  3967 | D:5      | Noticed a harpy
  4059 | D:5      | Reached XP level 8. HP: 65/67 MP: 12/12
  4755 | D:5      | Found a bloodstained altar of Trog.
  4973 | D:6      | Found a hide-covered altar of Uskayaw.
  5794 | D:6      | Reached XP level 9. HP: 73/73 MP: 14/14
  5823 | D:6      | Found a basalt altar of Yredelemnul.
  5838 | D:6      | Found a radiant altar of Vehumet.
  5909 | D:6      | Found Ciamapn's Firing Range.
  5919 | D:6      | Bought a throwing net for 42 gold pieces
  5919 | D:6      | Bought a throwing net for 42 gold pieces
  5953 | D:6      | Found a stormy altar of Qazlal.
  6029 | D:6      | Reached skill level 11 in Stealth
  6359 | D:6      | Reached *** piety under Sif Muna
  6391 | D:7      | Found a staircase to the Ecumenical Temple.
  6437 | D:7      | Found a glowing silver altar of Zin.
  6482 | Temple   | Entered the Ecumenical Temple
  6643 | D:7      | Noticed Menkaure
  6664 | D:7      | Killed Menkaure
  6782 | D:7      | Found a sparkling altar of Nemelex Xobeh.
  6817 | D:7      | Found Riqis's Book Shop.
  6974 | D:7      | Noticed Pikel
  7002 | D:6      | Killed Pikel
  7003 | D:6      | Reached skill level 5 in Invocations
  7281 | D:7      | Learned a level 2 spell: Wereblood
  7550 | D:8      | Reached skill level 5 in Short Blades
  7550 | D:8      | Reached skill level 5 in Long Blades
  7550 | D:8      | Reached skill level 5 in Axes
  7550 | D:8      | Reached skill level 5 in Polearms
  7550 | D:8      | Reached skill level 5 in Staves
  7550 | D:8      | Reached skill level 5 in Ranged Weapons
  7550 | D:8      | Reached skill level 5 in Throwing
  7550 | D:8      | Reached skill level 5 in Armour
  7550 | D:8      | Reached skill level 5 in Shields
  7550 | D:8      | Reached skill level 5 in Unarmed Combat
  7550 | D:8      | Reached skill level 5 in Spellcasting
  7550 | D:8      | Reached skill level 5 in Evocations
  7550 | D:8      | Reached XP level 10. HP: 81/81 MP: 17/17
  7642 | D:8      | Found a staircase to the Lair.
  7804 | D:8      | Reached **** piety under Sif Muna
  7880 | D:8      | Reached skill level 12 in Stealth
  8402 | D:8      | Identified the +1 trident of Logoguk {freeze, +Blink rPois
                  | rF+ rC+}
  8750 | D:9      | Learned a level 1 spell: Freeze
  9242 | D:9      | Found a staircase to the Orcish Mines.
  9580 | D:9      | Found a sacrificial altar of Ru.
  9790 | D:9      | Reached skill level 5 in Conjurations
  9790 | D:9      | Reached skill level 5 in Hexes
  9790 | D:9      | Reached skill level 5 in Summonings
  9790 | D:9      | Reached skill level 5 in Necromancy
  9790 | D:9      | Reached skill level 5 in Translocations
  9790 | D:9      | Reached skill level 5 in Transmutations
  9790 | D:9      | Reached skill level 5 in Fire Magic
  9790 | D:9      | Reached skill level 5 in Ice Magic
  9790 | D:9      | Reached skill level 5 in Air Magic
  9790 | D:9      | Reached skill level 5 in Earth Magic
  9790 | D:9      | Reached skill level 5 in Poison Magic
  9790 | D:9      | Reached XP level 11. HP: 51/89 MP: 17/20
 10256 | D:10     | Entered Level 10 of the Dungeon
 10287 | D:10     | Noticed Psyche
 10287 | D:10     | Found a flagged portal.
 10318 | D:10     | Paralysed by something for 5 turns
 10320 | D:10     | HP: 5/133 [kobold brigand/+0 club (3)]
 10320 | D:10     | Mangled by a yak

Illustrated notes

Levels and vault maps discovered:
D:1:      minmay_arrival_hallway, layout_basic
D:2:      layout_basic, basic_altar, minmay_misc_feat_x, minmay_domino_2,
          uniq_crazy_yiuf_cottage, uniq_natasha
D:3:      layout_loops_cross, lemuel_round_altar
D:4:      layout_cave_pools, mainiacjoe_overflow_six_doors_small,
          mainiacjoe_overflow_catwalk, serial_shops, shop,
          nicolae_shop_dealshenge, enter_ossuary_5
D:5:      layout_loops_corners, grunt_ashenzari_visionary
          [grunt_ashenzari_visionary_shoals, grunt_ashenzari_visionary_snake],
          trog_antimagical, minitemple, st_stairs_6, minmay_manual_mess
D:6:      layout_cave_pools, vehumet_altar_wand_db,
          nicolae_qazlal_general_emergency, lemuel_tele_altar,
          general_overflow_altar, nicolae_shop_firing_range
D:7:      layout_rooms, zin_academy, lemuel_coloured_pillars_altar,
          minmay_temple_entry_gardened_gates, serial_shops, shop, uniq_menkaure,
          uniq_pikel
D:8:      layout_loops_corners, erik_lair_orcish_takeover, serial_demonic,
          serial_demonic_b, serial_demonic_g, serial_demonic_f,
          serial_demonic_g, serial_demonic_c, serial_demonic_g,
          serial_demonic_c, serial_demonic_a, serial_demonic_g,
          serial_demonic_f, kennysheep_generic_room_9
D:9:      layout_irregular_city, nicolae_overflow_crystal_walls, erik_orc_4,
          kennysheep_decorative_pillar, minmay_gold_behind_fungi
D:10:     layout_rooms, gammafunk_temple_overflow_wave, enter_bailey_6,
          minmay_increasing_density, uniq_psyche
Temple:   hellmonk_temple_flake

Skill      XL: |  1  2  3  4  5  6  7  8  9 10 |
---------------+-------------------------------+-----
Stealth        | 10 11 12 | 12.7
Invocations    | 1 2 3 4 5 6 |  6.8
Short Blades   | 1 2 3 5 6 |  6.2
Long Blades    | 1 2 3 5 6 |  6.2
Axes           | 1 2 3 5 6 |  6.2
Polearms       | 1 2 3 5 6 |  6.2
Staves         | 1 2 3 5 6 |  6.2
Ranged Weapons | 1 2 3 5 6 |  6.2
Throwing       | 1 2 3 5 6 |  6.2
Armour         | 1 2 3 5 6 |  6.2
Shields        | 1 2 3 5 6 |  6.2
Unarmed Combat | 1 2 3 5 6 |  6.2
Spellcasting   | 1 2 3 5 6 |  6.2
Evocations     | 1 2 3 5 6 |  6.2
Conjurations   | 1 2 3 4 5 |  5.1
Hexes          | 1 2 3 4 5 |  5.1
Summonings     | 1 2 3 4 5 |  5.1
Necromancy     | 1 2 3 4 5 |  5.1
Translocations | 1 2 3 4 5 |  5.1
Transmutations | 1 2 3 4 5 |  5.1
Fire Magic     | 1 2 3 4 5 |  5.1
Ice Magic      | 1 2 3 4 5 |  5.1
Air Magic      | 1 2 3 4 5 |  5.1
Earth Magic    | 1 2 3 4 5 |  5.1
Poison Magic   | 1 2 3 4 5 |  5.1
Maces & Flails | 5 6 7 |  7.8
Dodging        | 5 6 7 |  7.8
Fighting       | 7 8 9 |  9.1

Action                     |  1- 3 |  4- 6 |  7- 9 | 10-12 || total
---------------------------+-------+-------+-------+-------++-------
  Melee: Mace              |    84 |   106 |   235 |    90 ||   515
         Bite              |     8 |    10 |    34 |    39 ||    91
         Dagger            |     3 |     6 |     4 |     1 ||    14
         Punch             |     1 |     1 |    11 |    12 ||    25
         Flail             |       |     1 |    43 |    24 ||    68
         Spear             |       |       |     1 |       ||     1
         Trident           |       |       |       |   179 ||   179
  Throw: Dart              |       |     4 |     6 |     3 ||    13
   Cast: Freeze            |       |       |       |     8 ||     8
         Wereblood         |       |       |       |     8 ||     8
  Evoke: Wand              |       |     4 |     5 |     2 ||    11
    Use: Scroll            |       |     9 |     2 |     3 ||    14
         Potion            |       |       |       |     5 ||     5
   Stab: Sleeping          |    19 |     8 |     4 |     2 ||    33
         Distracted        |       |     1 |       |     2 ||     3
 Armour: Leather armour    |    14 |     6 |       |       ||    20
         Chain mail        |       |    46 |    11 |    59 ||   116
         Ring mail         |       |       |   186 |    68 ||   254
  Dodge: Dodged            |    34 |    75 |   373 |   222 ||   704
